 Dungeon Crawl Stone Soup version 0.28.0-53-g5a82cb258f (webtiles) character file.

Game seed: 8449412045340360735

310 Atelerd the Sneak (level 6, -5/38 HPs)
             Began as an Octopode Earth Elementalist on July 12, 2022.
             Killed by divine providence
             ... invoked by an orc priest
              (13 damage)
             ... on level 4 of the Dungeon.
             The game lasted 00:03:50 (3711 turns).

Atelerd the Sneak (Octopode Earth Elementalist)     Turns: 3711, Time: 00:03:51

Health: -5/38      AC:  1    Str:  8    XL:     6   Next: 41%
Magic:  11/11      EV: 13    Int: 19    God:
Gold:   179        SH:  0    Dex: 12    Spells: 7/12 levels left

rFire   . . .      SeeInvis .   g - +0 short sword
rCold   . . .      Faith    .   (no shield)
rNeg    . . .      Spirit   .   (helmet restricted)
rPois   .          Reflect  .   (no amulet)
rElec   .          Harm     .   i - +4 ring of slaying
rCorr   +          Rampage  .   j - ring of resist corrosion
Will    .....                   (no ring)
Stlth   ++++......              (no ring)
HPRegen 0.12/turn               (no ring)
MPRegen 0.12/turn               (no ring)
                                (no ring)
                                (no ring)

@: no status effects
A: almost no armour, amphibious, 8 rings, camouflage 1, gelatinous body 1,
(nimble swimmer 1), tentacles
a: no special abilities


You were on level 4 of the Dungeon.
You visited 1 branch of the dungeon, and saw 4 of its levels.
You also visited: Sewer.

You collected 179 gold pieces.

Inventory:

Hand Weapons
 g - a +0 short sword (weapon)
Missiles
 b - 61 stones
Jewellery
 e - an amulet of guardian spirit
 i - a +4 ring of slaying (left tentacle)
 j - a ring of resist corrosion (right tentacle)
Scrolls
 a - 3 scrolls of amnesia
 d - 4 scrolls of teleportation
 f - a scroll of enchant armour
 h - 3 scrolls of immolation
Potions
 c - 5 potions of flight
 k - a potion of mutation {unknown}


   Skills:
 + Level 1.1 Fighting
 + Level 1.5 Short Blades
 - Level 2.0 Dodging
 + Level 5.1 Stealth
 + Level 3.8 Spellcasting
 + Level 1.1 Transmutations
 + Level 4.3 Earth Magic


You had 7 spell levels left.
You knew the following spells:

 Your Spells              Type           Power      Damage    Failure   Level
a - Sandblast             Erth           40%        2d10      2%          1
p - Petrify               Tmut/Erth      14%        N/A       41%         4

Your spell library contained the following spells:

 Spells                   Type           Power      Damage    Failure   Level
 Passwall                 Tmut/Erth      11%        N/A       7%          2
 Animate Skeleton         Necr           6%         N/A       14%         1
 Pain                     Necr           12%        1d4       14%         1
 Stone Arrow              Conj/Erth      22%        3d8       17%         3
 Dazzling Flash           Conj/Hex       6%         N/A       38%         3
 Vampiric Draining        Necr           3%         2d6       38%         3
 Agony                    Necr           3%         N/A       98%         5
 Silence                  Hex/Air        1%         N/A       98%         5
 Lehudib's Crystal Spear  Conj/Erth      5%         10d3      100%        8
 Chain Lightning          Conj/Air       1%         3d2       100%        9
 Fire Storm               Conj/Fire      1%         8d1       100%        9
 Shatter                  Erth           10%        3d11*     100%        9
 Animate Armour           Summ/Erth      Unusable   N/A       N/A         4

Dungeon Overview and Level Annotations

Branches:
Dungeon (4/15)              Sewer (visited)
 Temple: D:4-7

Altars:
Makhleb

Shops:
D:3 [


Innate Abilities, Weirdness & Mutations

You cannot wear most types of armour.
You are amphibious.
You can wear up to eight rings at the same time.
Your skin changes colour to match your surroundings (Stealth+).
Your rubbery body absorbs attacks. (AC +1, EV +1)
((You are camouflaged when in or above water. (Stealth+)))
You have tentacles for arms and can constrict up to eight enemies at once.


Message History

You hit the ball python.
You kill the ball python!
The hobgoblin closely misses you.
A hobgoblin is nearby!
You hit the hobgoblin. Your grab misses the hobgoblin.
You squeeze the hobgoblin.
You kill the hobgoblin!
No target in view!
You see here a hobgoblin corpse.
Found a stone staircase leading down.
No target in view!
You can't see any susceptible monsters within range! (Use Z to cast anyway.) Key pressed, stopping explore.
No target in view!
No target in view!
You can't see any susceptible monsters within range! (Use Z to cast anyway.)
An orc priest comes into view. It is wielding a +0 dagger.
Found a club.
The orc priest shouts!
An orc priest comes into view. It is wielding a +0 mace.
An orc comes into view. It is wielding a +0 club.
There are monsters nearby!
An orc comes into view. It is wielding a +0 hand axe.
An orc comes into view. It is wielding a +0 short sword.
There are monsters nearby!
The orc priest closely misses you.
The orc shouts! x2
You hit the orc priest but do no damage.
Your grab misses the orc priest. You squeeze the orc priest.
The orc priest is lightly wounded.
The orc priest hits you with a +0 dagger.
The orc priest calls down the wrath of Beogh upon you.
Beogh smites you!
The orc priest calls down the wrath of Beogh upon you.
Beogh smites you!
* * * LOW HITPOINT WARNING * * *
There is a stone staircase leading down here.
The orc priest calls down the wrath of Beogh upon you.
Beogh smites you!
You die...

##.## ##..# #..##
##.## ##..# #..##
###..##
####oo...###
#....##@...#
.....o.######....#
...)... ###..
....o.. .......
....... ......#
.....#


You could see an orc priest and an orc.

Vanquished Creatures
  A necrophage (D:4)
  An orc priest (D:3)
  A merfolk avatar (Sewer)
  A merfolk siren (Sewer)
  5 adders
  2 river rats (Sewer)
  A worm (D:2)
  2 orcs (D:3)
  7 ball pythons
  3 bats
  3 endoplasms
  7 giant cockroaches
  9 hobgoblins
  7 quokkas
  14 frilled lizards
  5 kobolds
  22 rats
91 creatures vanquished.

Vanquished Creatures (others)
  3 plants (D:2)
3 creatures vanquished.

Grand Total: 94 creatures vanquished

Notes
Turn   | Place    | Note
-------+----------+-------------------------------------------
     0 | D:1      | Atelerd the Octopode Earth Elementalist began the quest for
                  | the Orb.
     0 | D:1      | Reached XP level 1. HP: 11/11 MP: 3/3
   713 | D:2      | Reached skill level 3 in Stealth
   713 | D:2      | Reached XP level 2. HP: 16/17 MP: 0/5
   890 | D:2      | Reached XP level 3. HP: 21/21 MP: 4/6
   915 | D:2      | Found a burning altar of Makhleb.
  1277 | D:3      | Found a faded altar of an unknown god.
  1371 | D:3      | Found Lurpho Dioc's Armour Boutique.
  1532 | D:3      | Reached XP level 4. HP: 22/27 MP: 7/7
  1533 | D:3      | Found a glowing drain.
  1563 | Sewer    | Entered a sewer
  2186 | Sewer    | Reached skill level 1 in Short Blades
  2186 | Sewer    | Reached skill level 4 in Stealth
  2186 | Sewer    | Reached XP level 5. HP: 23/32 MP: 4/9
  2191 | Sewer    | Learned a level 4 spell: Petrify
  2329 | Sewer    | Noticed a malarious merfolk avatar
  2357 | Sewer    | Killed a malarious merfolk avatar
  3188 | D:3      | Reached skill level 1 in Fighting
  3564 | D:4      | Noticed a necrophage
  3572 | D:4      | Killed a necrophage
  3573 | D:4      | Reached skill level 5 in Stealth
  3573 | D:4      | Reached XP level 6. HP: 25/38 MP: 11/11
  3711 | D:4      | Killed from afar by an orc priest

Illustrated notes

Levels and vault maps discovered:
D:1:      eino_arrival_cavern_b, layout_rooms, corexii_item_surrounded_by_moat,
          lemuel_another_geyser
D:2:      layout_rooms, basic_altar, minmay_misc_feat_cross, minmay_lizard_king
D:3:      layout_loops_cross, serial_shops, shop, gup_sewer_entry_pipe,
          shapermc_ecumenical_altar_venn
D:4:      layout_cave_pods, minmay_temple_entry_slanted, ebering_ghost_sewer_d,
          serial_shops, nicolae_shop_advertising_works
          [nicolae_subvault_shop_adworks]

Skill      XL: |  1  2  3  4  5 |
---------------+----------------+-----
Stealth        | 3 4 5 |  5.1
Earth Magic    | 4 |  4.3
Spellcasting   | 3 |  3.8
Short Blades   | 1 |  1.5
Fighting       | 1 |  1.1
Dodging        | |  2.0
Transmutations | |  1.1

Action                   |  1- 3 |  4- 6 || total
-------------------------+-------+-------++-------
Melee: Unarmed           |     8 |       ||     8
       Tentacles         |    10 |    16 ||    26
       Constrict         |    13 |    18 ||    31
       Short sword       |    32 |    85 ||   117
       Punch             |       |     1 ||     1
 Cast: Sandblast         |    18 |    22 ||    40
       Petrify           |       |     1 ||     1
  Use: Scroll            |     3 |     1 ||     4
       Potion            |       |     1 ||     1
 Stab: Sleeping          |     3 |    13 ||    16
Armor: Skin              |     1 |     7 ||     8
Dodge: Dodged            |    29 |    40 ||    69
